 Dungeon Crawl Stone Soup version 0.15-a0-2352-g26abbdd (webtiles) character file.

9482 Ololoev the Archer (level 11, -8/94 HPs)
             Began as a Centaur Hunter on July 26, 2014.
             Was an Elder of Okawaru.
             Mangled by a sixfirhy (9 damage)
             ... summoned by a kobold demonologist
             ... on Level 11 of the Dungeon on July 31, 2014.
             The game lasted 01:06:13 (14283 turns).

Ololoev the Archer (Centaur Hunter)                Turns: 14283, Time: 01:06:14

HP  -8/94        AC 13     Str 15      XL: 11   Next: 23%
MP   8/8         EV  8     Int 10      God: Okawaru [****..]
Gold 212         SH  0     Dex 10 (13) Spells:  0 memorised, 10 levels left

rFire  . . .     SeeInvis .     L - +2 long sword (elec)
rCold  . . .     Clarity  +     G - +4 ring mail {MR+}
rNeg   . . .     rCorr    .     (no shield)
rPois  .         rRot     .     (no helmet)
rElec  .         Spirit   .     w - +0 cloak
SustAb .         Warding  .     (no gloves)
rMut   .         Stasis   .     (no barding)
Gourm  .                        (no amulet)
MR     ++...                    z - ring of protection from magic
                                g - +3 ring of slaying

@: very quick, very resistant to hostile enchantments, extremely unstealthy
A: hooves 3, clarity, deformed body, speed 2, tough skin 3
a: Heroism, Renounce Religion


You were on level 11 of the Dungeon.
You worshipped Okawaru.
Okawaru was greatly pleased with you.
You were not hungry.

You visited 2 branches of the dungeon, and saw 12 of its levels.
You also visited: Bailey.

You collected 472 gold pieces.
You spent 260 gold pieces at shops.

Inventory:

Hand weapons
 y - a +2 shortbow
 L - a +2 long sword of electrocution (weapon)
Missiles
 c - 137 arrows
 i - 12 poisoned arrows
 x - 11 arrows of frost
Armour
 w - a +0 cloak (worn)
 G - a +4 ring mail of magic resistance (worn)
Magical devices
 b - a wand of teleportation (0)
 p - a wand of fireball (4)
 q - a wand of digging (0)
 B - a wand of hasting (3)
 I - a wand of lightning (1)
 K - a wand of lightning (2)
Comestibles
 d - a slice of pizza
 f - 9 bread rations
 n - 4 meat rations
 s - 6 beef jerkies
 F - 8 fruits
Scrolls
 a - 2 scrolls of remove curse
 u - a scroll of teleportation
 v - a scroll of recharging
 A - a scroll of fear
 D - 3 scrolls of identify
Jewellery
 e - a +3 ring of evasion
 g - a +3 ring of slaying (left hand)
 z - a ring of protection from magic (right hand)
Potions
 h - 3 potions of curing
 j - 3 potions of agility
 k - a potion of restore abilities
 l - 2 potions of heal wounds
 m - a potion of cancellation
 o - 2 potions of magic
 t - a potion of invisibility
 C - a potion of might
 E - 2 potions of brilliance
 H - a potion of lignification {unknown}
 J - a potion of flight


   Skills:
 - Level 7.8 Fighting
 + Level 4.7 Long Blades
 - Level 12.0 Bows
 - Level 9.5 Armour
 - Level 1.3 Dodging
 - Level 0.5 Stealth


You had 10 spell levels left.
You didn't know any spells.

Dungeon Overview and Level Annotations

Branches:
Dungeon (11/15)            Temple (1/1) D:7            Lair (0/8) D:8
    Orc: D:9-12

Altars:
Ashenzari
Cheibriados
Dithmenos
Elyvilon
Fedhas
Gozag
Kikubaaqudgha
Makhleb
Nemelex Xobeh
Okawaru
Qazlal
Sif Muna
Trog
Vehumet
Xom
Yredelemnul
Zin
The Shining One

Shops:
D:5 *


Innate Abilities, Weirdness & Mutations

You have hooves in place of feet.
Armour fits poorly on your strangely shaped body.
You cover ground very quickly.
You have extremely tough skin (AC +3).
You possess an exceptional clarity of mind.


Message History

The sixfirhy shocks you!
* * * LOW HITPOINT WARNING * * *
The ufetubus hits you but does no damage. x2
There is a stone staircase leading up here.
Drink which item? (? for menu, Esc to quit)
You feel much better.
The ufetubus hits you but does no damage.
The ufetubus barely misses you.
Drink which item? (? for menu, Esc to quit)
You feel much better.
The ufetubus hits you but does no damage. x2
The kobold demonologist mumbles some strange words.
The ufetubus hits you but does no damage. x2
The sixfirhy hits you. The sixfirhy shocks you! The sixfirhy hits you.
The sixfirhy shocks you! The ice devil hits you! The ice devil freezes you!!
* * * LOW HITPOINT WARNING * * *
The sixfirhy hits you.
* * * LOW HITPOINT WARNING * * *
The sixfirhy shocks you!
You die...

##############
#...>..3.....#
#.....55@....#...
#.....K4.5.......
#......K55...##..
######'#######
###.(.# ##.((###
#.(### #'##
#.>..((K.....


You could see an ice devil, a kobold demonologist, a sixfirhy, a quasit, a white
imp, a shadow imp, 2 ufetubi and a kobold.

Vanquished Creatures
  A hydra (D:8)
  Erolcha (D:8)
  An orc knight (Bailey)
  Pikel (D:8)
  The ghost of Charly the Cudgeler, an experienced DsBe of Trog (D:7)
  A tengu conjurer (D:8)
  A kobold demonologist (D:11)
  A two-headed ogre (D:7)
  11 yaks
  A hog (D:8)
  A steam dragon (D:8)
  A wyvern (D:8)
  3 hippogriffs (D:8)
  A human (D:8)
  A deep elf mage (D:11)
  4 orc warriors
  2 sky beasts (D:6)
  A black bear (D:9)
  2 phantoms
  3 centaurs
  5 ogres
  3 ice beasts
  The ghost of soonmide the Grasshopper, an average SpWr (D:3)
  Sigmund (D:4)
  3 giant frogs
  2 big kobolds
  A gnoll sergeant (D:8)
  A wyvern zombie (D:8)
  3 scorpions
  3 orc priests
  4 quasits
  A jelly (D:5)
  5 iguanas
  5 crimson imps
  A hound (D:8)
  2 worker ants
  5 orc wizards
  2 sheep (D:8)
  A sky beast zombie (D:5)
  An ogre skeleton (D:5)
  12 adders
  11 gnolls
  A scorpion zombie (D:6)
  3 giant mites
  4 worms
  An ufetubus (D:11)
  4 giant geckos
  2 oozes
  34 orcs
  8 giant cockroaches
  19 goblins
  11 hobgoblins
  8 jackals
  5 quokkas
  A ball python (D:3)
  19 bats
  5 giant newts
  A gnoll zombie (D:5)
  3 hobgoblin skeletons
  41 kobolds
  A kobold skeleton (D:5)
  12 rats
  2 ballistomycetes (D:8)
297 creatures vanquished.

Vanquished Creatures (others)
  A giant frog (D:8)
  A giant spore (D:8)
  A kobold (D:8)
  A rat (D:8)
  2 ballistomycetes (D:8)
6 creatures vanquished.

Grand Total: 303 creatures vanquished

Notes
Turn   | Place    | Note
--------------------------------------------------------------
     0 | D:1      | Ololoev, the Centaur Hunter, began the quest for the Orb.
     0 | D:1      | Reached XP level 1. HP: 16/16 MP: 1/1
   375 | D:1      | Reached XP level 2. HP: 11/23 MP: 2/2
   498 | D:1      | Reached skill level 6 in Bows
  1018 | D:2      | Reached XP level 3. HP: 15/28 MP: 3/3
  1517 | D:2      | Reached skill level 7 in Bows
  2175 | D:2      | Reached XP level 4. HP: 15/35 MP: 3/3
  3303 | D:3      | Reached skill level 8 in Bows
  3384 | D:3      | Noticed soonmide's ghost (average SpWr)
  3423 | D:3      | Killed soonmide's ghost
  3423 | D:3      | Reached skill level 9 in Bows
  3423 | D:3      | Reached XP level 5. HP: 40/40 MP: 4/4
  4062 | D:4      | Reached XP level 6. HP: 38/47 MP: 5/5
  4209 | D:4      | Noticed Sigmund
  4245 | D:4      | Killed Sigmund
  4245 | D:4      | Reached skill level 10 in Bows
  4273 | D:4      | Found a bloodstained altar of Trog.
  4521 | D:4      | Upgraded the game from 0.15-a0-2246-gfd41422 to 0.15-a0-2265-gb33f7a6
  4923 | D:5      | Entered Level 5 of the Dungeon
  5197 | D:5      | Reached XP level 7. HP: 44/52 MP: 5/5
  5288 | D:5      | Reached skill level 11 in Bows
  5628 | D:5      | Reached skill level 1 in Armour
  5767 | D:5      | Found Keadygah's Assorted Antiques.
  5792 | D:5      | Bought a scroll of identify for 40 gold pieces
  5794 | D:5      | Bought a scroll labeled MNE GHYESUPP for 20 gold pieces
  5794 | D:5      | Bought a scroll labeled XIUMYU TREV for 20 gold pieces
  5794 | D:5      | Bought a glowing hunting sling for 30 gold pieces
  5794 | D:5      | Bought a runed wooden wand for 80 gold pieces
  6524 | D:6      | Upgraded the game from 0.15-a0-2265-gb33f7a6 to 0.15-a0-2352-g26abbdd
  6628 | D:6      | Reached XP level 8. HP: 59/59 MP: 6/6
  6938 | D:6      | Reached skill level 12 in Bows
  7446 | D:7      | Noticed a two-headed ogre
  7452 | D:7      | Killed a two-headed ogre
  7547 | D:7      | Found a staircase to the Ecumenical Temple.
  7553 | Temple   | Entered the Ecumenical Temple
  7645 | Temple   | Became a worshipper of Warmaster Okawaru
  7939 | D:7      | Reached skill level 5 in Armour
  8210 | D:7      | Noticed Charly's ghost (experienced DsBe)
  8278 | D:7      | Killed Charly's ghost
  8278 | D:7      | Acquired Okawaru's first power
  8278 | D:7      | Reached XP level 9. HP: 67/71 MP: 7/7
  8863 | D:8      | Reached skill level 5 in Fighting
  8999 | D:8      | Found a staircase to the Lair.
  9309 | D:8      | Noticed Erolcha
  9702 | D:8      | Found a white marble altar of Elyvilon.
  9703 | D:8      | Noticed a seven-headed hydra
  9715 | D:8      | Reached XP level 10. HP: 83/83 MP: 7/7
  9801 | D:8      | Killed a seven-headed hydra
 10305 | D:8      | Noticed Pikel
 10321 | D:8      | Killed Pikel
 10321 | D:8      | Received a gift from Okawaru
 10426 | D:8      | Killed Erolcha
 10457 | D:8      | Found a shimmering altar of Xom.
 10461 | D:8      | Noticed a tengu conjurer
 10469 | D:8      | HP: 3/86 [tengu conjurer/bolt of lightning (26)]
 10767 | D:8      | Gained mutation: You possess an exceptional clarity of mind. [potion of beneficial mutation]
 10779 | D:8      | Killed a tengu conjurer
 10975 | D:9      | Received a gift from Okawaru
 12536 | D:5      | Bought a glowing long sword for 70 gold pieces
 12765 | D:10     | Entered Level 10 of the Dungeon
 12907 | D:10     | Reached skill level 1 in Long Blades
 12907 | D:10     | Received a gift from Okawaru
 12907 | D:10     | Reached XP level 11. HP: 94/94 MP: 8/8
 13195 | D:10     | Found a flagged portal.
 13208 | Bailey   | Entered a bailey
 14093 | D:11     | Noticed an ice devil
 14276 | D:11     | Noticed an ice devil
 14283 | D:11     | HP: 1/94 [sixfirhy[a kobold demonologist] (6)]
 14283 | D:11     | Mangled by a sixfirhy

Action                   |  1- 3 |  4- 6 |  7- 9 | 10-12 || total
-------------------------+-------+-------+-------+-------++-------
Melee: Short sword       |   134 |   130 |   230 |   118 ||   612
       Long sword        |       |       |       |    61 ||    61
 Fire: Shortbow          |    18 |    41 |   152 |   212 ||   423
Evoke: Wand              |       |     1 |     3 |     8 ||    12
  Use: Potion            |     2 |       |       |     7 ||     9
       Scroll            |       |       |    25 |     6 ||    31
  Eat: Chunk             |     3 |     8 |    10 |     5 ||    26
       Pizza             |       |       |     1 |     5 ||     6
